[Event "42nd Olympiad Baku 2016 Open"]
[Site "Baku"]
[Date "2016.09.08"]
[Round "6.4"]
[White "Ibarra Jerez, Jose Carlos"]
[Black "Fernandes, Antonio"]
[Result "1/2-1/2"]
[ECO "C24"]
[WhiteElo "2566"]
[BlackElo "2413"]
[Annotator ""]
[PlyCount "192"]
[EventDate "2016.??.??"]
[EventCountry "AZE"]
[SourceTitle "playchess.com"]
[Source "ChessBase"]
[WhiteTeam "Spain"]
[BlackTeam "Portugal"]
[WhiteTeamCountry "ESP"]
[BlackTeamCountry "POR"]
[TimeControl "40/5400+30:1800+30"]

1. e4 {(00:00} e5 {(00:00} 2. Bc4 {(03:03} Nf6 {
(24:37} 3. d3 {(00:56} c6 {(03:07} 4. Nf3 {(00:
52} Be7 {(07:15} 5. O-O {(01:05} d6 {(04:04} 6. c3 {
(04:58} O-O {(00:20} 7. Re1 {(08:40} Nbd7 {(06:
06} 8. Bb3 {(02:47} Nc5 {(06:16} 9. Bc2 {(01:07} Bg4 {
(00:54} 10. Nbd2 {(01:59} Ne6 {(14:56} 11. Nf1 {
(07:32} g6 {(05:13} 12. Ne3 {(19:14} Bxf3 {(00:
16} 13. Qxf3 {(00:08} Re8 {(00:30} 14. h4 {(05:07} Bf8
{(01:24} 15. Bd2 {(03:46} Bg7 {(01:04} 16. g3 {(
02:24} Qd7 {(02:24} 17. Rad1 {(01:45} Rad8 {(01:37}
18. b4 {(02:19} b5 {(04:28} 19. Bb3 {(04:32} d5 {
(05:10} 20. Nc2 {(02:36} h5 {(07:19} 21. a3 {(
02:39} a6 {(00:26} 22. Bc1 {(02:30} Ng4 {(01:21} 23.
Bb2 {(07:26} Qd6 {(00:36} 24. a4 {(02:30} Rd7 {(
00:12} 25. axb5 {(00:47} axb5 {(00:02} 26. Ra1 {(00:22]
} Red8 {(01:49} 27. Ne3 {(03:07} Nxe3 {(00:26} 28. Qxe3
{(00:02} d4 {(00:32} 29. cxd4 {(01:24} Nxd4 {(
00:09} 30. Bxd4 {(02:07} Qxd4 {(00:02} 31. Qxd4 {(01:
37} Rxd4 {(00:01} 32. Ra7 {(01:37} R8d7 {(00:01} 33.
Ra8+ {(02:28} Bf8 {(00:50} 34. Rc1 {(00:36} Rxd3 {
(00:14} 35. Rxc6 {(01:45} Rxb3 {(00:23} 36. Rcc8 {
(00:01} Kg7 {(01:28} 37. Rxf8 {(00:06} Rxb4 {(
00:10} 38. Rg8+ {(00:07} Kf6 {(00:17} 39. Ra6+ {(00:18]
} Ke7 {(00:04} 40. Rb8 {(00:00} Rxe4 {(00:00} 41. Rxb5
{(01:01} Kf8 {(07:02} 42. Raa5 {(04:46} Re1+ {(
00:37} 43. Kg2 {(00:07} e4 {(00:13} 44. Rd5 {(00:23}
Re7 {(05:59} 45. Re5 {(00:24} Rxe5 {(04:36} 46. Rxe5 {
(00:03} Kg7 {(00:17} 47. Ra5 {(02:11} Rd1 {(04:
22} 48. Ra4 {(01:26} f5 {(00:26} 49. Ra7+ {(02:46} Kf6
{(00:03} 50. Ra6+ {(00:16} Kf7 {(00:09} 51. Rb6 {
(01:19} Rd7 {(00:57} 52. Kf1 {(01:08} Re7 {(00:
06} 53. Ke2 {(00:45} Re6 {(00:03} 54. Rb7+ {(00:57}
Kf6 {(00:06} 55. Ke3 {(01:28} Ra6 {(01:51} 56. Rb3 {
(01:25} g5 {(02:23} 57. hxg5+ {(01:22} Kxg5 {(
00:04} 58. f3 {(03:26} Rd6 {(10:35} 59. Ra3 {(04:20}
Rb6 {(00:33} 60. Rc3 {(02:59} Ra6 {(00:09} 61. Rb3 {
(00:11} Ra5 {(00:38} 62. Rc3 {(00:23} Rb5 {(00:
07} 63. Ra3 {(00:12} Rc5 {(00:26} 64. Rb3 {(00:18} Ra5
{(00:02} 65. Rc3 {(00:12} Ra4 {(00:09} 66. Rb3 {
(00:24} Rc4 {(00:06} 67. Ra3 {(00:46} Rb4 {(00:
03} 68. Rc3 {(00:09} Ra4 {(00:02} 69. Rb3 {(00:06} Ra2
{(00:03} 70. fxe4 {(01:28} fxe4 {(02:36} 71. Rb8 {
(01:37} Ra3+ {(01:25} 72. Kxe4 {(00:16} Rxg3 {(
00:08} 73. Rh8 {(02:03} Kg4 {(00:13} 74. Rg8+ {(00:21}
Kh3 {(00:10} 75. Rh8 {(00:08} h4 {(00:15} 76. Kf4 {
(00:23} Ra3 {(00:09} 77. Rh6 {(00:57} Rb3 {(01:
32} 78. Rh8 {(00:09} Ra3 {(00:13} 79. Rh7 {(00:07} Ra6
{(00:46} 80. Kf3 {(00:35} Rf6+ {(00:05} 81. Ke2 {
(00:11} Kg3 {(00:31} 82. Rg7+ {(00:12} Kh2 {(00:
12} 83. Rg4 {(00:39} h3 {(00:08} 84. Rg8 {(00:08} Rf4
{(00:20} 85. Rg7 {(00:14} Kh1 {(00:08} 86. Rg3 {
(00:24} Kh2 {(00:17} 87. Rg8 {(00:06} Ra4 {(00:
07} 88. Kf2 {(00:37} Ra1 {(00:10} 89. Rg7 {(01:03}
Ra2+ {(00:03} 90. Kf1 {(00:23} Rg2 {(00:03} 91. Rf7 {
(00:45} Rg4 {(00:26} 92. Kf2 {(00:29} Rg2+ {(00:
04} 93. Kf1 {(00:06} Kg3 {(00:10} 94. Rg7+ {(00:20}
Kf3 {(00:11} 95. Rxg2 {(00:24} hxg2+ {(00:03} 96. Kg1 {
(00:06} Kg3 {(00:11} 1/2-1/2

[Event "42nd Olympiad Baku 2016 Open"]
[Site "Baku"]
[Date "2016.09.08"]
[Round "6.24"]
[White "Ieong, Seak Hin"]
[Black "Liew, Chee-Meng Jimmy"]
[Result "0-1"]
[ECO "C18"]
[WhiteElo "1841"]
[BlackElo "2202"]
[Annotator ""]
[PlyCount "96"]
[EventDate "2016.??.??"]
[EventCountry "AZE"]
[SourceTitle "playchess.com"]
[Source "ChessBase"]
[WhiteTeam "Macau"]
[BlackTeam "Malaysia"]
[WhiteTeamCountry "MAC"]
[BlackTeamCountry "MAS"]
[TimeControl "40/5400+30:1800+30"]

1. e4 {(00:00} e6 {(00:00} 2. d4 {(00:00} d5 {(
00:00} 3. Nc3 {(00:00} Bb4 {(00:00} 4. e5 {(00:00} c5
{(00:35} 5. a3 {(00:00} Bxc3+ {(00:05} 6. bxc3 {
(00:00} Qa5 {(00:21} 7. Bd2 {(00:04} Qa4 {(00:
53} 8. Qb1 {(01:03} c4 {(01:06} 9. Ne2 {(02:23} Nc6 {
(03:01} 10. Ng3 {(00:43} Nge7 {(02:48} 11. Be2 {
(00:16} Bd7 {(07:12} 12. O-O {(01:14} O-O-O {(
07:00} 13. Bg5 {(03:09} Rde8 {(01:24} 14. f4 {(12:57}
h6 {(30:21} 15. Bxe7 {(00:30} Nxe7 {(00:07} 16. Ra2 {
(04:29} g6 {(06:31} 17. Qb4 {(00:15} Qxb4 {(01:
14} 18. cxb4 {(00:12} Ba4 {(02:10} 19. c3 {(02:32} a6
{(01:47} 20. Re1 {(02:54} Rhf8 {(03:50} 21. Bg4 {
(01:24} Kc7 {(01:00} 22. Rf2 {(01:28} Nc6 {(00:
45} 23. h4 {(02:55} h5 {(00:27} 24. Bf3 {(00:44} Na7 {
(03:33} 25. f5 {(02:48} Nb5 {(00:46} 26. Re3 {(
02:12} Bb3 {(03:23} 27. Bxh5 {(05:24} gxh5 {(01:09}
28. Nxh5 {(00:01} Rh8 {(09:48} 29. Nf6 {(05:33} Re7 {
(00:59} 30. h5 {(00:06} Nxa3 {(00:55} 31. h6 {(
00:51} Bc2 {(01:15} 32. g4 {(00:26} Bd3 {(01:01} 33.
h7 {(02:50} Nb5 {(01:59} 34. Ng8 {(00:31} Rd7 {(
01:35} 35. Nf6 {(03:53} Nxc3 {(01:08} 36. g5 {(05:42}
exf5 {(05:38} 37. e6 {(03:27} Re7 {(01:42} 38. exf7 {
(02:12} Rxf7 {(00:32} 39. g6 {(01:09} Rxf6 {(00:
11} 40. g7 {(00:00} Rg6+ {(00:00} 41. Rg2 {(00:20}
Rxg7 {(01:45} 42. Rxg7+ {(00:05} Kb6 {(00:43} 43. Re6+
{(00:49} Kb5 {(00:05} 44. Rxb7+ {(00:04} Ka4 {(
00:03} 45. Rxa6+ {(00:09} Kb3 {(00:01} 46. b5 {(01:27}
Ne2+ {(00:18} 47. Kf2 {(00:12} c3 {(01:21} 48. Rc7 {
(03:03} c2 {(03:42} 0-1

[Event "42nd Olympiad Baku 2016 Open"]
[Site "Baku"]
[Date "2016.09.08"]
[Round "6.22"]
[White "Ip, Seng Tou"]
[Black "Subramaniam, Sumant"]
[Result "0-1"]
[ECO "B01"]
[WhiteElo "1675"]
[BlackElo "2137"]
[Annotator ""]
[PlyCount "66"]
[EventDate "2016.??.??"]
[EventCountry "AZE"]
[SourceTitle "playchess.com"]
[Source "ChessBase"]
[WhiteTeam "Macau"]
[BlackTeam "Malaysia"]
[WhiteTeamCountry "MAC"]
[BlackTeamCountry "MAS"]
[TimeControl "40/5400+30:1800+30"]

1. e4 {(00:00} d5 {(00:00} 2. exd5 {(00:00} Qxd5 {
(00:00} 3. Nc3 {(00:00} Qa5 {(00:18} 4. d4 {(00:
32} Nf6 {(00:12} 5. Nf3 {(01:17} Nc6 {(00:11} 6. Be2 {
(01:03} Bg4 {(00:12} 7. O-O {(00:28} O-O-O {(00:
14} 8. Be3 {(11:20} e5 {(03:57} 9. Ng5 {(12:02} Bxe2 {
(10:09} 10. Qxe2 {(19:37} exd4 {(02:21} 11. Nxf7 {
(00:12} dxe3 {(00:14} 12. Qxe3 {(03:35} Bd6 {(
01:17} 13. Nxh8 {(00:47} Rxh8 {(05:56} 14. Qe6+ {(06:
35} Kb8 {(00:07} 15. Rad1 {(01:07} Qh5 {(04:09} 16. h3
{(03:49} Re8 {(00:09} 17. Qc4 {(01:28} Qe5 {(04:
35} 18. g3 {(06:14} Qf5 {(05:16} 19. Nd5 {(11:58} Ne5
{(02:33} 20. Qb3 {(01:06} Qxh3 {(04:44} 21. Nxf6 {
(00:32} gxf6 {(00:06} 22. Rfe1 {(00:49} Rc8 {(
00:32} 23. Qd5 {(02:29} Bc5 {(00:54} 24. Qg2 {(02:07}
Qg4 {(00:23} 25. Kf1 {(05:15} Qc4+ {(01:11} 26. Re2 {
(00:03} Qxa2 {(02:35} 27. b3 {(00:33} Qa6 {(01:
13} 28. Qe4 {(00:53} h5 {(07:29} 29. c4 {(02:16} Qb6 {
(07:36} 30. Rb2 {(01:17} Ng4 {(00:36} 31. Qf5 {(
01:04} Bxf2 {(00:28} 32. Qxh5 {(03:34} Ne3+ {(00:07}
33. Kxf2 {(01:18} Nxd1+ {(00:06} 0-1

[Event "42nd Olympiad Baku 2016 Open"]
[Site "Baku"]
[Date "2016.09.08"]
[Round "6.34"]
[White "Ipatov, Alexander"]
[Black "Gretarsson, Hjorvar Steinn"]
[Result "1/2-1/2"]
[ECO "E12"]
[WhiteElo "2652"]
[BlackElo "2547"]
[Annotator ""]
[PlyCount "82"]
[EventDate "2016.??.??"]
[EventCountry "AZE"]
[SourceTitle "playchess.com"]
[Source "ChessBase"]
[WhiteTeam "Turkey"]
[BlackTeam "Iceland"]
[WhiteTeamCountry "TUR"]
[BlackTeamCountry "ISL"]
[TimeControl "40/5400+30:1800+30"]

1. d4 {(00:00} Nf6 {(00:00} 2. c4 {(00:00} e6 {(
00:00} 3. Nf3 {(01:01} b6 {(00:09} 4. a3 {(01:29} Ba6
{(00:49} 5. e3 {(01:30} d5 {(04:44} 6. Nbd2 {(
01:48} Be7 {(01:58} 7. b4 {(00:42} O-O {(02:18} 8. Bb2
{(02:03} c5 {(03:25} 9. dxc5 {(05:14} bxc5 {(00:
27} 10. b5 {(01:16} Bb7 {(00:18} 11. Be2 {(00:46} a6 {
(03:21} 12. a4 {(02:33} dxc4 {(06:14} 13. O-O {(
06:39} axb5 {(07:08} 14. axb5 {(00:12} Nbd7 {(01:35}
15. Nxc4 {(02:52} Bd5 {(08:20} 16. Nfe5 {(10:03} Qc7 {
(04:20} 17. f3 {(25:58} Rxa1 {(05:59} 18. Qxa1 {
(06:44} Ra8 {(03:22} 19. Qe1 {(01:00} Rb8 {(18:
59} 20. Qa5 {(04:16} Bd6 {(06:59} 21. b6 {(03:13} Nxb6
{(02:08} 22. Nxd6 {(00:02} Qxd6 {(00:48} 23. e4 {
(00:24} Bb3 {(04:00} 24. Nxf7 {(12:46} Kxf7 {(
00:55} 25. e5 {(00:02} Qd5 {(01:46} 26. exf6 {(00:03}
gxf6 {(00:40} 27. Rc1 {(00:04} c4 {(01:34} 28. Qe1 {
(03:41} Ra8 {(06:13} 29. Qh4 {(01:04} Qf5 {(00:
31} 30. Qd4 {(04:46} Nd5 {(00:17} 31. Bxc4 {(01:00}
Bxc4 {(00:41} 32. Rxc4 {(00:11} Ra2 {(02:04} 33. Rc1 {
(00:57} Qf4 {(01:00} 34. Re1 {(01:53} Qxd4+ {(
00:50} 35. Bxd4 {(00:02} Nf4 {(00:39} 36. Bf2 {(00:02}
Nd3 {(02:02} 37. Rf1 {(00:05} Nxf2 {(00:43} 38. Rxf2 {
(00:03} Ra1+ {(00:08} 39. Rf1 {(00:02} Ra2 {(00:
13} 40. Rf2 {(00:00} Ra1+ {(00:00} 41. Rf1 {(00:25}
Ra2 {(00:12} 1/2-1/2

[Event "42nd Olympiad Baku 2016 Open"]
[Site "Baku"]
[Date "2016.09.08"]
[Round "6.19"]
[White "Izijk, Jimmy"]
[Black "Syed Ahmad, Ali"]
[Result "1/2-1/2"]
[ECO "D46"]
[WhiteElo "1991"]
[BlackElo "2343"]
[Annotator ""]
[PlyCount "91"]
[EventDate "2016.??.??"]
[EventCountry "AZE"]
[SourceTitle "playchess.com"]
[Source "ChessBase"]
[WhiteTeam "Netherlands Antilles"]
[BlackTeam "Pakistan"]
[WhiteTeamCountry "AHO"]
[BlackTeamCountry "PAK"]
[TimeControl "40/5400+30:1800+30"]

1. d4 Nf6 {(04:23} 2. Nf3 {(00:09} d5 {(00:19} 3. c4 {
(00:13} c6 {(00:04} 4. e3 {(00:08} e6 {(00:33}
5. Nc3 {(00:08} Bd6 {(02:37} 6. Bd3 {(00:19} Nbd7 {
(00:05} 7. O-O {(00:19} O-O {(00:11} 8. e4 {(01:
09} dxe4 {(06:27} 9. Nxe4 {(00:09} Nxe4 {(00:10} 10.
Bxe4 {(00:05} Nf6 {(00:12} 11. Bc2 {(02:17} Qc7 {
(02:07} 12. Qd3 {(01:27} g6 {(01:48} 13. Bg5 {(
04:58} Be7 {(11:08} 14. Bb3 {(22:31} b6 {(13:13} 15.
Rfd1 {(07:51} Bb7 {(04:00} 16. c5 {(16:24} Nd5 {
(04:28} 17. Bxd5 {(02:10} exd5 {(00:51} 18. Bxe7 {
(07:58} Qxe7 {(00:05} 19. Re1 {(00:09} Qc7 {(02:
08} 20. Rac1 {(00:12} Rfe8 {(00:23} 21. Re3 {(02:42}
f6 {(03:55} 22. Rce1 {(06:35} Kf7 {(00:23} 23. Qe2 {
(01:30} Qd7 {(00:19} 24. Rxe8 {(02:42} Rxe8 {(
00:09} 25. Qxe8+ {(00:21} Qxe8 {(00:02} 26. Rxe8 {(00:
01} Kxe8 {(00:02} 27. b4 {(00:30} Ba6 {(01:25} 28. Nd2
{(00:36} Kd8 {(00:14} 29. f3 {(01:21} Kc7 {(00:
34} 30. Kf2 {(00:42} g5 {(19:06} 31. Ke3 {(00:21} Bc8
{(11:51} 32. Nb1 {(08:08} h5 {(02:30} 33. Nc3 {(
02:51} h4 {(02:15} 34. g3 {(01:17} hxg3 {(00:03} 35.
hxg3 {(00:08} b5 {(05:23} 36. f4 {(01:57} a5 {(
01:09} 37. a3 {(01:20} axb4 {(00:05} 38. axb4 {(00:04}
Bg4 {(02:21} 39. fxg5 {(01:16} fxg5 {(00:02} 40. Na2 {
(00:27} Kd8 {(00:00} 41. Nc1 {(00:14} Bf5 {(04:
30} 42. Nb3 {(07:24} Ke7 {(11:40} 43. Na5 {(00:37} Bd7
{(00:02} 44. Nb7 {(00:50} Bg4 {(01:46} 45. Nd6 {
(02:50} Ke6 {(01:42} 46. Kf2 {(03:22] Ke5} 1/2-1/2

[Event "42nd Olympiad Baku 2016 Open"]
[Site "Baku"]
[Date "2016.09.08"]
[Round "6.27"]
[White "Jamena, Joseph Mensah"]
[Black "Muradli, Mahammad"]
[Result "0-1"]
[ECO "B76"]
[WhiteElo "1992"]
[BlackElo "2331"]
[Annotator ""]
[PlyCount "132"]
[EventDate "2016.??.??"]
[EventCountry "AZE"]
[SourceTitle "playchess.com"]
[Source "ChessBase"]
[WhiteTeam "Ghana"]
[BlackTeam "Azerbaijan"]
[WhiteTeamCountry "GHA"]
[BlackTeamCountry "AZE"]
[TimeControl "40/5400+30:1800+30"]

1. e4 {(00:00} c5 {(00:00} 2. Nf3 {(00:00} Nc6 {
(00:00} 3. d4 {(00:00} cxd4 {(00:00} 4. Nxd4 {(
00:00} g6 {(00:00} 5. Be3 {(03:31} Bg7 {(00:24} 6. Nc3
{(01:34} d6 {(04:43} 7. Qd2 {(00:20} Nf6 {(05:
33} 8. f3 {(00:48} O-O {(03:16} 9. O-O-O {(00:07} Nxd4
{(05:52} 10. Bxd4 {(00:21} Be6 {(01:17} 11. g4 {
(03:04} Qa5 {(11:52} 12. Kb1 {(00:14} Rfc8 {(03:
24} 13. Nd5 {(05:34} Qxd2 {(01:44} 14. Nxf6+ {(00:23}
Bxf6 {(00:12} 15. Rxd2 {(01:23} Bxd4 {(01:19} 16. Rxd4
{(00:02} g5 {(00:13} 17. h4 {(00:58} h6 {(00:53]
} 18. Be2 {(01:47} Kg7 {(04:56} 19. hxg5 {(00:39} hxg5
{(00:17} 20. c3 {(02:55} Rh8 {(02:22} 21. Rhd1 {
(02:52} Rh3 {(03:41} 22. b3 {(04:53} Rah8 {(02:
07} 23. Ra4 {(05:17} a6 {(00:40} 24. Rb4 {(00:26} b5 {
(01:10} 25. Kc2 {(06:21} Rh2 {(05:36} 26. Kd3 {(
05:08} Rg2 {(03:36} 27. Ke3 {(00:29} Rhh2 {(08:00} 28.
Rd2 {(01:39} Kf6 {(09:53} 29. a4 {(02:08} bxa4 {
(01:18} 30. bxa4 {(00:04} a5 {(10:26} 31. Rb5 {(
14:20} Rg3 {(03:34} 32. Bd1 {(02:35} Rh1 {(04:04} 33.
Rxa5 {(02:03} Rgg1 {(01:16} 34. Be2 {(01:30} Ra1 {
(00:50} 35. Ra7 {(02:20} Rhc1 {(01:48} 36. Kd4 {
(05:44} Ra3 {(00:30} 37. c4 {(04:22} Rca1 {(00:
19} 38. Bd1 {(00:36} Rb1 {(00:24} 39. Rc7 {(04:42}
Raa1 {(01:04} 40. Bc2 {(00:00} Rf1 {(00:00} 41. Rd3 {
(02:00} Ra2 {(13:39} 42. Bb3 {(03:08} Raf2 {(06:
03} 43. Bd1 {(01:52} Rb2 {(04:41} 44. Kc3 {(02:20} Ra2
{(00:42} 45. Kb3 {(02:08} Ra1 {(04:19} 46. Bc2 {
(00:21} Ke5 {(01:29} 47. Kb2 {(01:22} Kf4 {(00:
28} 48. Rc3 {(04:22} Rh1 {(03:16} 49. Rxe7 {(00:31}
Raf1 {(00:38} 50. Rb7 {(00:33} Rxf3 {(00:24} 51. a5 {
(06:08} Rxc3 {(00:41} 52. Kxc3 {(00:14} Ra1 {(
00:28} 53. Kb4 {(04:22} Kxg4 {(00:23} 54. Rb6 {(01:41}
Kf4 {(00:31} 55. Rxd6 {(00:26} g4 {(00:06} 56. Rd1 {
(02:35} Rxd1 57. Bxd1 {(00:06} g3 {(00:11} 58. a6 {
(11:50} Bc8 {(00:03} 59. a7 {(05:22} Bb7 {(00:
02} 60. Kb5 {(01:05} g2 {(00:06} 61. Kb6 {(00:44} Bxe4
{(00:11} 62. Ba4 {(02:31} g1=Q+ {(00:07} 63. c5 {
(00:28} Qb1+ {(00:09} 64. Bb5 {(00:38} Bd3 {(00:
40} 65. a8=Q {(00:50} Qxb5+ {(00:04} 66. Kc7 {(02:47}
Qxc5+ {(00:02} 0-1

[Event "42nd Olympiad Baku 2016 Open"]
[Site "Baku"]
[Date "2016.09.08"]
[Round "6.15"]
[White "Jelic, Dejan"]
[Black "Dempsey, John"]
[Result "1-0"]
[ECO "A50"]
[WhiteElo "1956"]
[BlackElo "1952"]
[Annotator ""]
[PlyCount "61"]
[EventDate "2016.??.??"]
[EventCountry "AZE"]
[SourceTitle "playchess.com"]
[Source "ChessBase"]
[WhiteTeam "Liechtenstein"]
[BlackTeam "U.S. Virgin Islands"]
[WhiteTeamCountry "LIE"]
[BlackTeamCountry "ISV"]
[TimeControl "40/5400+30:1800+30"]

1. d4 {(00:00} Nf6 {(00:00} 2. c4 {(00:00} g6 {(
00:00} 3. f3 {(00:03} Bg7 {(00:00} 4. e4 {(00:15} d6 {
(00:00} 5. Be3 {(02:29} O-O {(01:09} 6. Nc3 {(
00:34} a6 {(00:07} 7. Qd2 {(03:15} Nbd7 {(02:24} 8.
O-O-O {(06:55} c6 {(10:38} 9. h4 {(01:41} b5 {(
01:53} 10. h5 {(00:20} Qa5 {(02:20} 11. Kb1 {(00:38}
Nb6 {(04:35} 12. Bh6 {(02:25} b4 {(03:42} 13. Bxg7 {
(01:44} Kxg7 {(01:46} 14. hxg6 {(00:15} fxg6 {(
00:59} 15. Qh6+ {(00:20} Kg8 {(00:07} 16. e5 {(01:11}
bxc3 {(09:39} 17. Bd3 {(19:48} Bf5 {(01:19} 18. Bxf5 {
(01:09} gxf5 {(00:06} 19. exf6 {(00:09} Rf7 {(
00:56} 20. Qg5+ {(10:42} Kh8 {(01:11} 21. Qg6 {(16:50}
Qb4 {(02:22} 22. b3 {(01:19} Qa3 {(00:11} 23. Kc2 {
(00:17} Qxa2+ {(09:17} 24. Kxc3 {(16:03} Na4+ {(
05:24} 25. Kd3 {(01:04} Qxb3+ {(01:27} 26. Kd2 {(00:11]
} Qc3+ {(00:55} 27. Ke2 {(00:13} Qxc4+ {(00:38} 28. Kf2
{(00:44} Rg8 {(12:29} 29. Qxf5 {(02:33} e6 {(06:
29} 30. Qh5 {(00:29} Rg6 {(01:32} 31. Qxg6 {(00:31}
1-0

[Event "42nd Olympiad Baku 2016 Open"]
[Site "Baku"]
[Date "2016.09.08"]
[Round "6.5"]
[White "Jones, Richard S"]
[Black "Jessel, Stephen"]
[Result "1-0"]
[ECO "C11"]
[WhiteElo "2396"]
[BlackElo "2367"]
[Annotator ""]
[PlyCount "71"]
[EventDate "2016.??.??"]
[EventCountry "AZE"]
[SourceTitle "playchess.com"]
[Source "ChessBase"]
[WhiteTeam "Wales"]
[BlackTeam "Ireland"]
[WhiteTeamCountry "WLS"]
[BlackTeamCountry "IRL"]
[TimeControl "40/5400+30:1800+30"]

1. e4 {(00:00} e6 {(00:00} 2. d4 {(00:00} d5 {(
00:00} 3. Nc3 {(00:00} Nf6 {(00:07} 4. e5 {(00:00}
Nfd7 {(00:08} 5. f4 {(00:00} c5 {(00:19} 6. Nf3 {
(00:01} Nc6 {(00:25} 7. Be3 {(00:25} cxd4 {(00:
33} 8. Nxd4 {(00:06} Bc5 {(00:06} 9. Qd2 {(00:06} O-O
{(00:18} 10. O-O-O {(00:13} a6 {(00:16} 11. Nb3 {
(00:15} Bb4 {(00:57} 12. Bd3 {(00:45} b5 {(01:
00} 13. g4 {(00:31} Na5 {(00:28} 14. Bd4 {(06:21} Nc4
{(00:50} 15. Qf2 {(13:33} a5 {(01:45} 16. a3 {(
15:32} Be7 {(07:35} 17. g5 {(11:06} b4 {(32:31} 18.
Bxh7+ {(03:46} Kxh7 {(00:48} 19. Qh4+ {(00:04} Kg8 {
(17:55} 20. Rd3 {(00:17} Ndxe5 {(10:51} 21. Rh3 {
(03:15} f5 {(09:24} 22. gxf6 {(00:28} Bxf6 {(02:
49} 23. Qh7+ {(00:19} Kf7 {(00:04} 24. fxe5 {(00:15}
Nxe5 {(11:26} 25. Rg1 {(16:28} bxc3 {(00:48} 26. Bxe5 {
(00:27} Bxe5 {(00:28} 27. Qh5+ {(10:33} Kg8 {(
00:06} 28. Qh8+ {(01:56} Kf7 {(00:04} 29. Rf3+ {(00:58]
} Ke7 {(01:52} 30. Rxg7+ {(00:26} Bxg7 {(00:35} 31.
Qxg7+ {(00:05} Kd6 {(00:14} 32. Rxf8 {(00:09} Qh4 {
(00:46} 33. Qxc3 {(01:24} Bb7 {(00:31} 34. Qc5+ {
(02:25} Ke5 {(00:12} 35. Qc7+ {(00:39} Ke4 {(00:
08} 36. Nd2+ {(00:25} 1-0

[Event "42nd Olympiad Baku 2016 Open"]
[Site "Baku"]
[Date "2016.09.08"]
[Round "6.10"]
[White "Jones, Rupert"]
[Black "Ahmed, Ashraf"]
[Result "0-1"]
[ECO "B24"]
[WhiteElo "1851"]
[BlackElo "1880"]
[Annotator ""]
[PlyCount "38"]
[EventDate "2016.??.??"]
[EventCountry "AZE"]
[SourceTitle "playchess.com"]
[Source "ChessBase"]
[WhiteTeam "Papua New Guinea"]
[BlackTeam "Maldives"]
[WhiteTeamCountry "PNG"]
[BlackTeamCountry "MDV"]
[TimeControl "40/5400+30:1800+30"]

1. e4 {(00:00} c5 {(00:00} 2. Nc3 {(00:00} Nc6 {
(00:00} 3. g3 {(00:03} Nf6 {(00:00} 4. Bg2 {(00:
11} e6 {(00:00} 5. d3 {(00:27} Be7 {(00:00} 6. Nge2 {
(01:59} a6 {(00:06} 7. O-O {(00:34} O-O {(00:03]
} 8. f4 {(02:50} d5 {(00:14} 9. e5 {(07:20} Nd7 {
(00:55} 10. a4 {(07:39} b6 {(00:54} 11. b3 {(09:
42} Bb7 {(00:23} 12. Ba3 {(05:54} f6 {(00:50} 13. d4 {
(04:57} cxd4 {(02:56} 14. Bxe7 {(01:56} Qxe7 {(
05:44} 15. Nxd4 {(11:41} Qc5 {(01:57} 16. Nce2 {(02:03]
} fxe5 {(07:57} 17. fxe5 {(00:17} Ndxe5 {(02:42} 18. h3
{(07:22} Rxf1+ {(03:37} 19. Bxf1 {(06:46} Nf3+ {
(00:29} 0-1

[Event "42nd Olympiad Baku 2016 Open"]
[Site "Baku"]
[Date "2016.09.08"]
[Round "6.29"]
[White "Joseph, Elton"]
[Black "Kibrom Weldegebriel Beraki"]
[Result "0-1"]
[ECO "A45"]
[WhiteElo "1842"]
[BlackElo "1760"]
[Annotator ""]
[PlyCount "126"]
[EventDate "2016.??.??"]
[EventCountry "AZE"]
[SourceTitle "playchess.com"]
[Source "ChessBase"]
[WhiteTeam "Bahamas"]
[BlackTeam "Eritrea"]
[WhiteTeamCountry "BAH"]
[BlackTeamCountry "ERI"]
[TimeControl "40/5400+30:1800+30"]

1. d4 {(00:00} Nf6 {(00:00} 2. Bf4 {(00:01} e6 {
(00:09} 3. e3 {(00:56} c5 {(00:20} 4. c3 {(01:
01} Nc6 {(00:40} 5. Bd3 {(03:06} Be7 {(00:12} 6. Nf3 {
(01:08} b6 {(00:14} 7. Nbd2 {(01:31} Bb7 {(00:
12} 8. Qc2 {(01:22} Rc8 {(01:19} 9. h3 {(02:15} cxd4 {
(01:31} 10. exd4 {(01:44} Nb4 {(00:39} 11. Qb1 {
(00:35} Nxd3+ {(00:09} 12. Qxd3 {(00:09} O-O {(
00:40} 13. O-O {(00:10} d6 {(00:49} 14. Ng5 {(02:23}
e5 {(02:07} 15. Bh2 {(07:48} h6 {(00:51} 16. Nge4 {
(01:38} Nxe4 {(00:42} 17. Nxe4 {(01:03} f5 {(00:
21} 18. Nd2 {(07:48} e4 {(01:14} 19. Qe2 {(01:43} d5 {
(01:11} 20. f4 {(03:37} Qd6 {(01:45} 21. Rac1 {(
05:05} a5 {(03:06} 22. g4 {(02:58} a4 {(03:29} 23. g5
{(02:21} hxg5 {(09:06} 24. fxg5 {(00:31} Qg6 {(
02:16} 25. h4 {(00:33} Bd6 {(03:04} 26. Bf4 {(02:50}
Bxf4 {(02:53} 27. Rxf4 {(00:02} Ra8 {(12:35} 28. Nf1 {
(01:32} Ba6 {(01:38} 29. Qf2 {(02:22} Bxf1 {(01:
30} 30. Rxf1 {(00:05} a3 {(01:16} 31. b4 {(01:35} Rac8
{(00:33} 32. Qe3 {(10:38} Qh5 {(01:03} 33. Kf2 {
(04:02} Rc6 {(01:58} 34. Rc1 {(01:02} Rfc8 {(00:
43} 35. Qg3 {(03:11} Qf7 {(04:50} 36. h5 {(02:00} Qxh5
{(01:23} 37. Rxf5 {(00:12} e3+ {(12:02} 38. Qxe3 {
(03:47} Re8 {(01:13} 39. Re5 {(01:13} Rf8+ {(06:
55} 40. Kg2 {(00:00} Rc7 {(00:00} 41. Qh3 {(11:50}
Rf2+ {(03:11} 42. Kxf2 {(03:41} Qxh3 {(00:03} 43. g6 {
(00:16} Qh4+ {(00:29} 44. Kf1 {(04:09} Qf4+ {(
00:15} 45. Ke2 {(00:17} Qg4+ {(00:04} 46. Kd2 {(01:17}
Qxg6 {(00:04} 47. Rce1 {(00:24} Rf7 {(00:28} 48. Re8+ {
(01:14} Rf8 {(00:12} 49. R8e2 {(00:20} Qg3 {(00:
25} 50. Re3 {(01:23} Rf2+ {(00:13} 51. Kd1 {(00:56}
Qg2 {(00:37} 52. Re8+ {(00:22} Kh7 {(00:04} 53. R8e2 {
(00:44} Rxe2 {(00:13} 54. Rxe2 {(00:09} Qf3 {(
00:07} 55. Kd2 {(00:28} g5 {(00:03} 56. Re7+ {(00:29}
Kg6 {(00:02} 57. Re6+ {(00:53} Kf5 {(00:11} 58. Rxb6 {
(00:27} g4 {(00:13} 59. Rb7 {(00:17} Qf2+ {(00:
08} 60. Kd3 {(00:36} Qxa2 {(00:15} 61. b5 {(00:21}
Qc4+ {(00:10} 62. Kd2 {(00:46} a2 {(00:06} 63. Ra7 {
(00:25} g3 0-1